 Dungeon Crawl Stone Soup version 0.28.0-45-g0d030f2227 (webtiles) character file.

Game seed: 12957197916936511689

80089 DuloT34 the Spry (level 15, -1/82 (83) HPs)
             Began as a Spriggan Conjurer on May 24, 2022.
             Was an Elder of Vehumet.
             Slain by a spriggan rider
             ... wielding a +0 spear
              (4 damage)
             ... on level 2 of the Swamp on May 25, 2022.
             The game lasted 02:27:01 (48914 turns).

DuloT34 the Spry (Spriggan Conjurer)               Turns: 48914, Time: 02:27:02

HP:   -1/82 (83)    AC:  4    Str:  9    XL:     15   Next: 22%
MP:   42/45         EV: 29    Int: 25    God:    Vehumet [****..]
Gold: 2224          SH:  0    Dex: 14    Spells: 5/46 levels left

rFire   . . .      SeeInvis +   a - +2 dagger (protect)
rCold   . . .      Faith    .   (no shield)
rNeg    . . .      Spirit   .   C - +1 robe of the Moneychanger {Stlth+}
rPois   +          Reflect  .   G - +0 hat
rElec   .          Harm     .   y - +0 cloak
rCorr   +          Rampage  .   (gloves unavailable)
Will    +....                   (boots unavailable)
Stlth   ++........              (no amulet)
HPRegen 0.23/turn               n - ring "Esaoklif" {rPois Will- rCorr Int+4}
MPRegen 0.29/turn               P - ring of magical power

@: lightly drained, slow
A: very small, no large weapons, unfitting armour, see invisible, speed 3
a: Renounce Religion


You were on level 2 of the Swamp.
You worshipped Vehumet.
Vehumet was greatly pleased with you.
You visited 5 branches of the dungeon, and saw 22 of its levels.

You collected 2224 gold pieces.

Inventory:

Hand Weapons
 a - a +2 dagger of protection (weapon)
 b - the +8 hunting sling "Watirch" {freeze, rC+ rCorr Dex+2}
   (You found it on level 6 of the Lair of Beasts)

   Any ammunition fired from it freezes those it strikes, dealing additional
   cold damage.
   It can also slow down cold-blooded creatures.
   Dex:       It affects your dexterity (+2).
   rC:        It protects you from cold.
   rCorr:     It protects you from acid and corrosion.
Missiles
 k - 477 stones
 T - 2 silver boomerangs
Armour
 t - a +1 robe of cold resistance
 y - a +0 cloak (worn)
 C - the +1 robe of the Moneychanger (worn) {Stlth+}
   (You found it on level 1 of the Lair of Beasts)

   Stlth:     It makes you more stealthy.
 F - an orb of energy
 G - a +0 hat (worn)
Jewellery
 l - a +6 ring of strength
 n - the ring "Esaoklif" (left hand) {rPois Will- rCorr Int+4}
   (You found it on level 5 of the Dungeon)

   [ring of resist corrosion]

   Int:       It affects your intelligence (+4).
   rPois:     It protects you from poison.
   rCorr:     It protects you from acid and corrosion.
   Will:      It decreases your willpower.
 u - an amulet of guardian spirit
 D - a +6 ring of dexterity
 N - a ring of fire
 O - a ring of wizardry
 P - a ring of magical power (right hand)
Wands
 e - a wand of mindburst (11)
 p - a wand of charming (16)
 v - a wand of flame (19)
 B - a wand of iceblast (4)
 Q - a wand of polymorph (2)
Scrolls
 c - 3 scrolls of teleportation
 g - 5 scrolls of fear
 h - 5 scrolls of magic mapping
 m - 3 scrolls of fog
 x - 2 scrolls of enchant armour
 I - 2 scrolls of enchant weapon
 J - a scroll of brand weapon
Potions
 d - 3 potions of berserk rage
 i - 2 potions of lignification
 j - 5 potions of curing
 o - 4 potions of brilliance
 q - 2 potions of heal wounds
 r - a potion of mutation
 s - 4 potions of might
 w - 2 potions of resistance
 z - a potion of attraction
 H - 2 potions of flight
 K - a potion of cancellation
 M - a potion of magic
Miscellaneous
 A - a condenser vane
 L - a box of beasts (inert)


   Skills:
 + Level 11.5 Fighting
 + Level 20.4 Dodging
 - Level 3.0 Stealth
 + Level 16.2 Spellcasting
 + Level 8.9 Conjurations
 - Level 3.0 Hexes
 - Level 3.7 Air Magic
 + Level 2.4 Evocations


You had 5 spell levels left.
You knew the following spells:

 Your Spells              Type           Power      Damage    Failure   Level
a - Magic Dart            Conj           100%       1d8       1%          1
b - Searing Ray           Conj           100%       2d8       1%          2
c - Blink                 Tloc           40%        N/A       4%          2
d - Dazzling Flash        Conj/Hex       100%       N/A       1%          3
e - Fulminant Prism       Conj/Hex       25%        3d14      1%          4
f - Iskenderun's Mystic   Conj/Tloc      42%        2d10      1%          4
g - Shock                 Conj/Air       100%       1d9       1%          1
h - Frozen Ramparts       Ice            40%        1d6       2%          3
i - Sticky Flame          Conj/Fire      42%        2d6       1%          4
j - Airstrike             Air            19%        N/A       1%          4
k - Passwall              Tmut/Erth      16%        N/A       4%          2
l - Lightning Bolt        Conj/Air       25%        1d41      1%          5
m - Starburst             Conj/Fire      21%        6d7       17%         6

Your spell library contained the following spells:

 Spells                   Type           Power      Damage    Failure   Level
 Orb of Destruction       Conj           29%        9d9       16%         7
 Foxfire                  Conj/Fire      100%       2x1d9     1%          1
 Slow                     Hex            100%       N/A       1%          1
 Conjure Flame            Conj/Fire      42%        6-21      1%          3
 Inner Flame              Hex/Fire       27%        N/A       1%          3
 Swiftness                Air            38%        N/A       1%          3
 Flame Wave               Conj/Fire      42%        2d9       1%          4
 Beastly Appendage        Tmut           40%        N/A       2%          1
 Ensorcelled Hibernation  Hex/Ice        54%        N/A       2%          2
 Confusing Touch          Hex            35%        N/A       2%          3
 Ignite Poison            Fire/Tmut/Pois 20%        N/A       2%          3
 Wereblood                Tmut           20%        N/A       4%          2
 Portal Projectile        Hex/Tloc       54%        N/A       4%          3
 Call Canine Familiar     Summ           20%        N/A       8%          3
 Lesser Beckoning         Tloc           20%        N/A       8%          3
 Spider Form              Tmut/Pois      20%        N/A       8%          3
 Vampiric Draining        Necr           20%        2d7       8%          3
 Leda's Liquefaction      Hex/Erth       13%        N/A       14%         4
 Manifold Assault         Tloc           20%        N/A       58%         5


Dungeon Overview and Level Annotations

Branches:
Dungeon (11/15)            Temple (1/1) D:5            Lair (6/6) D:10
  Swamp (2/4) Lair:3       Spider (0/4) Lair:3        Slime (0/5) Lair:5
    Orc (2/2) D:11            Elf (0/3) Orc:2

Altars:
Ashenzari
Cheibriados
Dithmenos
Elyvilon
Fedhas
Gozag
Hepliaklqana
Kikubaaqudgha
Makhleb
Nemelex Xobeh
Okawaru
Qazlal
Ru
Sif Muna
Trog
Uskayaw
Vehumet
Wu Jian
Xom
Yredelemnul
Zin
The Shining One
Beogh
Lugonu

Shops:
D:4 ?   D:8 [   D:9 [   Orc:2 (?[(

Portals:
Abyss: Lair:6

Annotations:
D:9 2 transporters


Innate Abilities, Weirdness & Mutations

You are very small and have problems with some larger weapons.
You are too small for most types of armour.
You have supernaturally acute eyesight. (SInv)
You cover ground extremely quickly. (Speed+++)


Message History

You start waiting.
Done waiting.
There is a stone staircase leading down here.
Items here: ) [[[.
You climb downwards.
The bloated husk explodes!
The blast of putrescent gases engulfs you!!
There is a stone staircase leading up, spattered with blood here.
Casting: Iskenderun's Mystic Blast (mildly dangerous; 1% risk of failure)
Confirm with . or Enter, or press ? or * to list all spells.
Aiming: Fulminant Prism (mildly dangerous; 1% risk of failure)
Press: ? - help, Dir - move target You conjure a prism of explosive energy!
A fulminant prism comes into view.
The ghost crab breathes spectral mist at you.
The spectral mist engulfs you but does no damage.
The swamp worm fires a harpoon shot at you.
The harpoon shot misses you.
You are engulfed in spectral mist.
The ghost crab breathes spectral mist at you.
The spectral mist engulfs you but does no damage.
The swamp worm fires a harpoon shot at you.
The harpoon shot hits you!!
* * * LOW HITPOINT WARNING * * *
You stop ascending the stairs.
You are yanked forward by the harpoon shot.
Splash!
You fall into the shallow water.
Moving in this stuff is going to be slow.
A swamp drake comes into view.
The spriggan rider misses you.
Your fulminant prism crackles loudly.
Okay, then.
The swamp worm fires a harpoon shot at you.
The harpoon shot hits you!
* * * LOW HITPOINT WARNING * * *
You are yanked forward by the harpoon shot.
Splash!
The spriggan rider hits you with a +0 spear.
You die...

♣♣≈≈♣♣≈.≈≈≈≈
♣.≈≈.☼≈.≈≈≈♣
♣.§Z☼○.♣.≈≈
♣♣♣§☼♣♣≈≈[
♣≈♣°○☼.≈♣
♣≈n.≈§§♣
♣♣≈.*.§♣♣♣
♣♣≈≈<..t≈≈♣
♣.@.≈.≈♣♣...≈
♣wi≈≈..≈... ≈
≈:≈≈♣♣.[≈≈≈≈.♣
.≈k♣♣
..≈≈≈≈≈.♣
.≈...
♣♣≈≈.≈≈≈.♣
≈≈≈. ..≈....≈≈
≈≈≈ ♣≈.≈≈≈.≈♣♣
≈≈. ≈≈.≈


You could see a ghoul (ally target), a spriggan rider, a ghost crab, a spectral
four-headed hydra (summoned), a swamp worm, a swamp drake and a friendly
fulminant prism.

Vanquished Creatures
  An orc warlord (Orc:2)
  A ghoul (Swamp:1)
  An eleionoma (Lair:3)
  A spark wasp (shapeshifter) (Lair:6)
  Snorg (Orc:2)
  Josephine (D:11)
  Fannar (D:11)
  12 hydras
  2 two-headed ogres
  2 alligators (Swamp:1)
  2 catoblepae
  A death yak (Lair:5)
  4 thrashing horrors
  6 orc high priests
  5 goliath frogs
  A spriggan druid (Swamp:2)
  An orb spider (Lair:3)
  5 bog bodies
  A mana viper (shapeshifter) (Lair:6)
  A deep elf pyromancer (D:11)
  2 orc sorcerers (Orc:2)
  5 orc knights (Orc:2)
  A cyclops (D:11)
  A manticore (D:11)
  A will-o-the-wisp (Swamp:1)
  2 ugly things (Lair:6)
  4 elephants
  A torpor snail (Lair:5)
  A smoke demon (Lair:6)
  10 cane toads
  7 black mambas
  2 gargoyles (D:11)
  4 rime drakes
  A kobold demonologist (D:11)
  2 ancient zymes (Lair:6)
  7 komodo dragons
  6 trolls
  2 tyrant leeches (Swamp:1)
  A bloated husk (Swamp:1)
  5 polar bears
  6 dream sheep (Lair:4)
  30 blink frogs
  5 wyverns
  5 wraiths
  A shadow (D:10)
  9 small abominations (Lair:6)
  38 yaks
  3 ynoxinuls (Lair:6)
  2 large abominations (Lair:6)
  10 basilisks
  7 vampire mosquitoes
  3 steam dragons
  3 wargs
  6 swamp worms
  An acid dragon (D:10)
  15 water moccasins
  36 orc warriors
  2 sky beasts
  9 black bears
  4 necrophages
  3 centaurs
  4 boggarts (Lair:6)
  9 ogres
  10 wolves
  A phantom (D:5)
  4 kobold brigands
  7 bullfrogs
  A cane toad simulacrum (Orc:2)
  A water moccasin zombie (D:5)
  3 two-headed ogre simulacra (Orc:2)
  A gnoll sergeant (D:7)
  4 killer bees
  16 wights
  An electric eel (Lair:3)
  A howler monkey (D:9)
  A bullfrog zombie (D:3)
  3 centaur zombies
  2 bullfrog skeletons
  4 hounds
  38 orc priests
  A jelly (D:6)
  2 centaur skeletons
  Jessica (D:3)
  4 iguanas
  22 orc wizards
  7 hell rats (Lair:6)
  2 spriggan simulacra (Orc:2)
  A troll simulacrum (Orc:2)
  A hound skeleton (D:4)
  8 gnolls
  A naga simulacrum (Orc:2)
  10 adders
  A shadow imp (D:7)
  A white imp (D:6)
  A worm (D:2)
  3 dart slugs
  112 orcs
  6 bats
  10 endoplasms
  5 giant cockroaches
  7 goblins
  8 hobgoblins
  2 jackals (D:2)
  12 kobolds
  3 quokkas
  10 ball pythons
  2 frilled lizards (D:1)
  7 rats
  A fulminant prism (Orc:2)
675 creatures vanquished.

Vanquished Creatures (others)
  A bloated husk (Swamp:2)
  2 foxfires (Swamp:1)
  88 fulminant prisms
  61 fungi
  102 plants
254 creatures vanquished.

Grand Total: 929 creatures vanquished

Notes
Turn   | Place    | Note
-------+----------+-------------------------------------------
     0 | D:1      | DuloT34 the Spriggan Conjurer began the quest for the Orb.
     0 | D:1      | Reached XP level 1. HP: 9/9 MP: 5/5
   111 | D:1      | Reached skill level 3 in Dodging
   117 | D:1      | Reached XP level 2. HP: 13/13 MP: 1/7
   120 | D:1      | Learned a level 2 spell: Searing Ray
  1236 | D:2      | Reached XP level 3. HP: 11/16 MP: 5/8
  1953 | D:2      | Reached skill level 4 in Dodging
  1953 | D:2      | Reached XP level 4. HP: 21/21 MP: 5/10
  2291 | D:2      | Learned a level 2 spell: Blink
  2843 | D:3      | Noticed Jessica
  3023 | D:3      | Killed Jessica
  3031 | D:3      | Reached XP level 5. HP: 24/24 MP: 1/12
  3244 | D:3      | Learned a level 3 spell: Dazzling Flash
  3799 | D:4      | Noticed a necrophage
  3807 | D:4      | Killed a necrophage
  3808 | D:4      | Reached skill level 5 in Dodging
  3808 | D:4      | Reached skill level 5 in Spellcasting
  3808 | D:4      | Reached XP level 6. HP: 28/28 MP: 4/14
  4092 | D:4      | Found Boyqeph's Magic Scroll Shop.
  5123 | D:5      | Entered Level 5 of the Dungeon
  5499 | D:5      | Reached skill level 6 in Dodging
  5853 | D:5      | Identified the ring "Esaoklif" {rPois Will- rCorr Int+4}
  5906 | D:5      | Noticed a sky beast
  5916 | D:5      | Killed a sky beast
  5917 | D:5      | Reached XP level 7. HP: 32/32 MP: 7/16
  6404 | D:5      | Reached skill level 7 in Dodging
  6487 | D:5      | Learned a level 4 spell: Fulminant Prism
  6883 | D:5      | Found a staircase to the Ecumenical Temple.
  6892 | Temple   | Entered the Ecumenical Temple
  7178 | Temple   | Became a worshipper of Vehumet
  7273 | D:6      | Reached skill level 5 in Conjurations
  7401 | D:6      | Reached XP level 8. HP: 29/36 MP: 9/19
  7943 | D:6      | Reached skill level 8 in Dodging
  8665 | D:7      | Reached * piety under Vehumet
  8665 | D:7      | Offered knowledge of Sandblast by Vehumet.
  8666 | D:7      | Reached skill level 9 in Dodging
  9186 | D:7      | Reached XP level 9. HP: 37/39 MP: 17/22
 10715 | D:8      | Reached skill level 10 in Dodging
 10804 | D:8      | Learned a level 4 spell: Iskenderun's Mystic Blast
 11264 | D:8      | Offered knowledge of Shock by Vehumet.
 11267 | D:8      | Reached ** piety under Vehumet
 11438 | D:8      | Found Ner Diox's Armour Shop.
 12113 | D:8      | Noticed a two-headed ogre
 12162 | D:8      | Killed a two-headed ogre
 12163 | D:8      | Reached skill level 11 in Dodging
 12163 | D:8      | Reached skill level 10 in Spellcasting
 12231 | D:8      | Learned a level 1 spell: Shock
 12660 | D:9      | Reached XP level 10. HP: 38/44 MP: 17/25
 13306 | D:9      | Reached skill level 1 in Hexes
 13384 | D:9      | Reached skill level 1 in Fighting
 13655 | D:9      | Found a transporter.
 14186 | D:9      | Found a transporter.
 14218 | D:9      | Identified the +7 plate armour of Beutoin {Will++ Str+4}
 14251 | D:9      | Found Jalug's Antique Armour Shoppe.
 14484 | D:10     | Entered Level 10 of the Dungeon
 14491 | D:10     | Offered knowledge of Frozen Ramparts by Vehumet.
 14573 | D:10     | Learned a level 3 spell: Frozen Ramparts
 15387 | D:9      | Learned a level 4 spell: Sticky Flame
 15521 | D:10     | Found a staircase to the Lair.
 15622 | D:10     | Reached *** piety under Vehumet
 16091 | D:10     | Reached XP level 11. HP: 53/53 MP: 19/27
 16283 | D:10     | Offered knowledge of Airstrike by Vehumet.
 16298 | D:10     | Learned a level 4 spell: Airstrike
 16755 | D:10     | Found a bloodstained altar of Trog.
 16800 | Lair:1   | Entered Level 1 of the Lair of Beasts
 16853 | Lair:1   | Noticed a four-headed hydra
 16895 | Lair:1   | Noticed an eight-headed hydra
 16903 | Lair:1   | Killed a four-headed hydra
 16904 | Lair:1   | Reached skill level 1 in Air Magic
 17550 | Lair:1   | Noticed a six-headed hydra
 17566 | Lair:1   | Killed a six-headed hydra
 17567 | Lair:1   | Reached skill level 12 in Dodging
 17893 | Lair:1   | Reached skill level 5 in Fighting
 17932 | Lair:1   | Killed an eight-headed hydra
 18652 | Lair:1   | Identified the +1 robe of the Moneychanger {Stlth+}
 19542 | Lair:2   | Identified the +0 pair of gloves of Qoryrunt {+Inv Int+3}
 19950 | Lair:1   | Learned a level 2 spell: Passwall
 20081 | Lair:2   | Reached skill level 13 in Dodging
 20753 | Lair:3   | Reached XP level 12. HP: 60/60 MP: 17/30
 21000 | Lair:3   | Reached **** piety under Vehumet
 21179 | Lair:3   | Found a hole to the Spider Nest.
 21537 | Lair:3   | Found a staircase to the Swamp.
 21728 | Lair:3   | Offered knowledge of Inner Flame by Vehumet.
 21729 | Lair:3   | Reached skill level 14 in Dodging
 22617 | Lair:4   | Noticed a six-headed hydra
 22622 | Lair:4   | Killed a six-headed hydra
 23224 | Lair:4   | Reached skill level 15 in Dodging
 23528 | Lair:4   | Noticed a seven-headed hydra
 23548 | Lair:4   | Killed a seven-headed hydra
 23861 | Lair:4   | Noticed a five-headed hydra
 23867 | Lair:4   | Killed a five-headed hydra
 24752 | Lair:4   | Reached skill level 16 in Dodging
 25219 | Lair:5   | Reached XP level 13. HP: 69/69 MP: 6/31
 25635 | Lair:5   | Found a staircase to the Slime Pits.
 26406 | Lair:6   | Entered Level 6 of the Lair of Beasts
 26686 | Lair:6   | Reached ***** piety under Vehumet
 26688 | Lair:6   | Offered knowledge of Lightning Bolt by Vehumet.
 27119 | Lair:6   | Reached skill level 17 in Dodging
 28031 | Lair:6   | Learned a level 5 spell: Lightning Bolt
 29160 | Lair:6   | Identified the +8 hunting sling "Watirch" {freeze, rC+
                  | rCorr Dex+2}
 30195 | Lair:6   | Reached skill level 10 in Fighting
 30853 | Lair:6   | Reached skill level 18 in Dodging
 32602 | Lair:6   | Reached XP level 14. HP: 77/77 MP: 12/33
 33383 | Lair:6   | Found a corrupted altar of Lugonu.
 33383 | Lair:6   | Found a one-way gate to the infinite horrors of the Abyss.
 34186 | D:11     | Noticed Josephine
 34352 | D:11     | Killed Josephine
 35382 | D:11     | Found an iron altar of Okawaru.
 35382 | D:11     | Noticed Fannar
 35599 | D:11     | Reached skill level 19 in Dodging
 35599 | D:11     | Reached skill level 15 in Spellcasting
 36089 | D:11     | Killed Fannar
 36244 | D:11     | Found a staircase to the Orcish Mines.
 36427 | Orc:1    | Entered Level 1 of the Orcish Mines
 36647 | Orc:1    | Offered knowledge of Starburst by Vehumet.
 38002 | Orc:1    | Learned a level 6 spell: Starburst
 38725 | Orc:2    | Entered Level 2 of the Orcish Mines
 38725 | Orc:2    | Found a staircase to the Elven Halls.
 38739 | Orc:2    | Noticed Snorg
 39055 | Orc:2    | Killed Snorg
 39585 | Orc:2    | Noticed an orc warlord
 39600 | Orc:2    | Killed an orc warlord
 41410 | Orc:2    | Offered knowledge of Orb of Destruction by Vehumet.
 43093 | Orc:2    | Reached skill level 20 in Dodging
 43594 | Orc:2    | Found Zatakk's Antique Weapon Shoppe.
 43594 | Orc:2    | Found Qaraergh's Antique Weapon Shoppe.
 43595 | Orc:2    | Found Biadofor's Magic Scroll Emporium.
 43595 | Orc:2    | Found Zocit's Antique Armour Shoppe.
 44134 | Swamp:1  | Entered Level 1 of the Swamp
 45225 | Swamp:1  | Reached XP level 15. HP: 83/83 MP: 31/35
 46569 | Swamp:2  | Reached skill level 1 in Evocations
 48914 | Swamp:2  | HP: 3/82 [swamp worm/harpoon shot (11)]
 48914 | Swamp:2  | Slain by a spriggan rider

Illustrated notes

Levels and vault maps discovered:
D:1:      minmay_arrival_checkered_box, layout_rooms, hex_large,
          serial_bayou_pond_a
D:2:      layout_loops_ring
D:3:      layout_rooms, minmay_fountain_box, uniq_jessica
D:4:      layout_loops_corners, serial_shops, shop
D:5:      layout_loops_ring, minmay_temple_entry_poolview, minmay_crystal_room,
          minmay_misc_feat_plants, kennysheep_small_spiral, serial_park_tiny_2
D:6:      layout_basic, minmay_misc_feat_tower
D:7:      layout_basic
D:8:      layout_basic, serial_shops, nicolae_shop_window_shopping,
          lightli_bailey_entry_fortress, patterned_corridor
D:9:      gammafunk_beogh_shrine, layout_cave_pools, serial_shops, shop
D:10:     layout_irregular_city, bloody_trog, minmay_lair_entry_grove
D:11:     layout_roguey, hiddenorc1_lemuel, okawaru_metal_pillars_1_2,
          uniq_josephine, uniq_fannar
Temple:   nicolae_temple_the_god_donut
Lair:1:   layout_small_grid, grunt_megastairs_4
Lair:2:   layout_gridlike
Lair:3:   layout_regular_city, swamp_mist_pool,
          nicolae_spider_entry_orb_guardian, worms_lemuel
Lair:4:   layout_roguey, minivault_26
Lair:5:   layout_regular_city, dpeg_slime_entry_corner, nicolae_lair_yak_garden,
          infiniplex_staircase_pool, lemuel_fruit_tree
Lair:6:   hellmonk_lair_end_abyssal_woods, layout_loops_ring,
          kilobyte_rumbling_trees
Swamp:1:  layout_basic_swamp, nicolae_swamp_small_spring, swamp_pool2
Swamp:2:  layout_basic_swamp, evilmike_swamp_ruin_house_3
Orc:1:    layout_diamond_mine, small_statue_alley_c
Orc:2:    st_orc_pillars, layout_caves, portal_ice_cave_entry_ice_simulacra,
          uniq_snorg

Skill      XL: |  1  2  3  4  5  6  7  8  9 10 11 12 13 14 15 |
---------------+----------------------------------------------+-----
Conjurations   | 3 4 5 6 7 8 |  8.9
Dodging        | 3 4 5 6 7 9 11 13 16 18 20 | 20.4
Spellcasting   | 3 4 5 7 8 10 11 13 14 15 16 | 16.2
Hexes          | 3 |  3.0
Fighting       | 4 5 8 10 11 | 11.5
Air Magic      | 3 |  3.7
Evocations     | 2 |  2.4
Stealth        | |  3.0

Action                   |  1- 3 |  4- 6 |  7- 9 | 10-12 | 13-15 || total
-------------------------+-------+-------+-------+-------+-------++-------
Melee: Dagger            |    27 |   113 |    54 |    22 |    15 ||   231
       Punch             |     1 |       |     2 |       |     2 ||     5
 Fire: Hunting sling     |       |       |       |       |    31 ||    31
 Cast: Magic Dart        |    37 |    50 |   154 |   100 |    14 ||   355
       Searing Ray       |     7 |    27 |    63 |    92 |    19 ||   208
       Blink             |       |       |     1 |       |       ||     1
       Shock             |       |       |     3 |    35 |       ||    38
       Fulminant Prism   |       |       |     2 |    36 |    52 ||    90
       Iskenderun's Myst |       |       |       |    18 |   119 ||   137
       Sticky Flame      |       |       |       |     4 |     2 ||     6
       Frozen Ramparts   |       |       |       |     5 |       ||     5
       Dazzling Flash    |       |       |       |     1 |       ||     1
       Airstrike         |       |       |       |   156 |   550 ||   706
       Lightning Bolt    |       |       |       |       |   151 ||   151
       Starburst         |       |       |       |       |     4 ||     4
Evoke: Wand              |       |       |       |    14 |    19 ||    33
       Condenser vane    |       |       |       |       |     1 ||     1
       Box of beasts     |       |       |       |       |     1 ||     1
  Use: Scroll            |     4 |     2 |     8 |     7 |     5 ||    26
       Potion            |       |       |       |     1 |       ||     1
 Stab: Sleeping          |     7 |     2 |     1 |     1 |       ||    11
       Invisible         |       |       |       |     1 |       ||     1
Armor: Robe              |     5 |    17 |    19 |    18 |    13 ||    72
Dodge: Dodged            |    17 |   126 |   173 |   245 |   290 ||   851
